Map: Dédale EC

Players

Harokku

  • Race: Zerg Zerg
  • League: Platinum
  • Spawn Location: 1:00

HoldTheDoor - Winner!

  • Race: Protoss Protoss
  • League: Diamond
  • Spawn Location: 7:00

VOD

Have the link to the VOD?

Description

Time

  • Played on: July 6, 2018, 9:54 a.m.
  • Length: 4:46
Show
View Real Time Build Order
Export as new Build Order

Harokku Zerg 

Build Orders:  

Get SALT Encoding   

  12  0:01  Drone  
  13  0:08  Drone  
  14  0:14  Extractor  
  14  0:19  Extractor, Drone  
  13  0:22  Drone  
  15  2:25  Extractor  
  6  4:08  Drone  
Show
View Real Time Build Order
Export as new Build Order

HoldTheDoor Protoss - Winner!

Build Orders:  

Get SALT Encoding   

  12  0:01  Probe  
  13  0:13  Probe  
  14  0:19  Pylon  
  14  0:25  Probe  
  15  0:37  Probe  
  16  0:46  Probe, Gateway  
  17  0:50  Assimilator  
  17  0:54  Probe  
  16  1:42  Pylon  
  15  1:57  Probe  
  16  2:01  Pylon  
  16  2:05  Probe  
  16  2:14  Probe  
  18  2:33  Probe  
  18  3:01  Probe  
  19  3:30  Pylon  
  19  3:52  Probe  
  11  4:05  Probe  
Tags
 
Add a new tag
Caveats
  • Supply blocks, unpowered buildings, or Contaminate may cause inaccurate times.
  • Supply counts are checked every 10 seconds.